 Dungeon Crawl Stone Soup version 0.19-a0-1254-gb9c29c0 (webtiles) character file.

438 st0uf the Scratcher (level 6, 26/28 HPs)
             Began as a Felid Transmuter on Aug 27, 2016.
             Quit the game in the Ecumenical Temple.
             The game lasted 00:44:53 (7005 turns).

st0uf the Scratcher (Felid Transmuter)              Turns: 7005, Time: 00:44:53

Health: 26/28      AC:  2    Str: 10    XL:     6   Next: 69%
Magic:  14/14      EV: 20    Int: 16    God:
Gold:   285        SH:  0    Dex: 16    Spells: 2 memorised, 11 levels left
                                        Lives:  0   Deaths: 2

rFire  . . .     SeeInvis +       - Unarmed
rCold  . . .     Gourm    .     (armour unavailable)
rNeg   . . .     Faith    .     (shield unavailable)
rPois  .         Spirit   .     (helmet unavailable)
rElec  .         Dismiss  .     (cloak unavailable)
rCorr  .         Reflect  .     (gloves unavailable)
MR     +....     Harm     .     (boots unavailable)
Stlth  +++.......               (no amulet)
                                y - ring of protection from magic
                                j - +3 ring of strength

@: quick
A: no armour, no weapons or thrown items, claws 1, fangs 3, see invisible,
carnivore 3, speed 1, shaggy fur 2, slow metabolism 1, sharp paws
a: no special abilities


You were in the Ecumenical Temple.
You were completely stuffed.

You visited 2 branches of the dungeon, and saw 7 of its levels.
You also visited: Ossuary.

You collected 285 gold pieces.

Inventory:

Missiles
 a - 54 arrows
Jewellery
 d - an uncursed ring of ice
 g - a +4 ring of evasion
 j - a +3 ring of strength (left paw)
 m - a +2 ring of protection
 y - a ring of protection from magic (right paw)
Wands
 q - a wand of lightning (11/15)
 w - a wand of disintegration (4/24)
 x - a wand of flame (37/48)
Scrolls
 e - 3 scrolls of teleportation
 h - a scroll of identify {unknown}
 i - 2 scrolls of amnesia
 k - a scroll of enchant weapon
 r - a scroll of immolation {unknown}
 z - a scroll of remove curse {unknown}
Potions
 f - 4 potions of degeneration {unknown}
 l - 2 potions of haste {unknown}
 o - a potion of curing {unknown}
 p - 2 potions of might
 t - 2 potions of berserk rage
 u - a potion of mutation {unknown}
 v - a potion of cancellation {unknown}
 A - 2 potions of heal wounds {unknown}
Books
 b - a book of Changes

   Spells                             Type                      Level
   a - Beastly Appendage              Transmutation                1
   b - Sticks to Snakes               Transmutation                2
   c - Spider Form                    Transmutation/Poison         3
   d - Ice Form                       Ice/Transmutation            4
   e - Blade Hands                    Transmutation                5
Comestibles
 c - 2 meat rations
 n - a beef jerky
 s - 4 chunks of flesh


   Skills:
 + Level 3.3 Fighting
 + Level 4.8 Dodging
 + Level 3.9 Stealth
 + Level 5.3 Unarmed Combat
 + Level 4.7 Spellcasting
 + Level 5.1 Transmutations


You had 11 spell levels left.
You knew the following spells:

 Your Spells              Type           Power        Failure   Level  Hunger
a - Beastly Appendage     Tmut           ###...       1%          1    None
b - Sticks to Snakes      Tmut           ###.....     3%          2    ##.....


Dungeon Overview and Level Annotations

Branches:
Dungeon (6/15)             Temple (1/1) D:4

Altars:
Dithmenos
Elyvilon
Kikubaaqudgha
Makhleb
Nemelex Xobeh
Okawaru
Qazlal
Ru
Sif Muna
Trog
Uskayaw
Xom
Yredelemnul
Zin
The Shining One

Annotations:
D:4 1 runed door


Innate Abilities, Weirdness & Mutations

You cannot wear armour.
You are incapable of wielding weapons or throwing items.
You have sharp claws.
You have razor-sharp teeth.
You have supernaturally acute eyesight. (SInv)
You are carnivorous and can eat meat at any time.
You cover ground quickly.
You are covered in thick fur. (AC +2)
You have a slow metabolism.
Your sharp claws are effective at attacking unaware monsters.


Message History

Found a glowing golden altar of the Shining One.
There is a fountain of clear blue water here.
There is a glowing golden altar of the Shining One here.
Found a sacrificial altar of Ru.
There is a sacrificial altar of Ru here.
Found a basalt altar of Yredelemnul.
Found a white marble altar of Elyvilon.
There is a fountain of clear blue water here.
There is a white marble altar of Elyvilon here.
Done exploring.
You can't grasp things well enough to throw them.
You can't grasp things well enough to throw them.
Unknown command.
Are you sure you want to abandon this character and quit the game? (Confirm with "yes".)
Okay, then.
Unknown command.
Unknown command.
Unknown command.
You can't grasp things well enough to throw them.
Are you sure you want to abandon this character and quit the game? (Confirm with "yes".)

##### ####...####
#....<....# ##.##...##.##
#...##.##...# #._......._.#
#####...#...#...#####
#...##.##._.##.##...#
#####._...@.#...#....._.###
#...#...#.⌠.#####.⌠.#...#..
#._....##...........##...._
#...#...#####._.#####...#..
#####.⌠....##...##....⌠.###
#...#...#####...#...#
#####._......._.#####
#...#...#...# #####...#####


There were no monsters in sight!

Vanquished Creatures
  Duvessa (D:4)
  An ice beast (D:5)
  A centaur (D:5)
  Dowan (D:4)
  A crimson imp (D:5)
  A centaur zombie (Ossuary)
  2 giant frog skeletons (D:4)
  2 hounds
  A human zombie (Ossuary)
  An iguana (D:4)
  2 orc wizards (D:5)
  2 worker ants (D:5)
  A big kobold zombie (Ossuary)
  2 mummies (Ossuary)
  Robin (D:3)
  A gnoll (D:5)
  5 adders
  An ooze (D:1)
  2 adder zombies (Ossuary)
  An adder skeleton (D:4)
  3 worms
  A dart slug (D:1)
  A giant gecko (D:4)
  11 orcs
  2 ball pythons (D:2)
  7 bats
  2 giant cockroaches
  16 goblins
  12 hobgoblins
  8 jackals
  8 kobolds
  4 quokkas
  4 giant newts
  2 goblin zombies
  13 hobgoblin zombies (Ossuary)
  A jackal zombie (Ossuary)
  8 kobold zombies (Ossuary)
  6 orc zombies (Ossuary)
  A quokka zombie (D:5)
  4 rats
144 creatures vanquished.

Vanquished Creatures (collateral kills)
  2 elf zombies (Ossuary)
  Blork the orc (D:4)
  A hound (D:5)
  An orc wizard (D:4)
  2 gnolls (D:5)
  3 orcs (D:5)
  2 goblins (D:3)
  A goblin zombie (Ossuary)
13 creatures vanquished.

Vanquished Creatures (others)
  An orc (D:3)
1 creature vanquished.

Grand Total: 158 creatures vanquished

Notes
Turn   | Place    | Note
-------+----------+-------------------------------------------
     0 | D:1      | st0uf the Felid Transmuter began the quest for the Orb.
     0 | D:1      | Reached XP level 1. HP: 9/9 MP: 4/4
    69 | D:1      | Reached XP level 2. HP: 6/12 MP: 6/6
   665 | D:1      | Reached XP level 3. HP: 12/15 MP: 5/7
   982 | D:2      | Learned a level 2 spell: Sticks to Snakes
  1440 | D:2      | Noticed an air elemental
  1444 | D:2      | Found a stormy altar of Qazlal.
  1444 | D:2      | Noticed a water elemental
  1448 | D:2      | Noticed a fire elemental
  1448 | D:2      | Noticed an earth elemental
  1505 | D:2      | Reached XP level 4. HP: 10/19 MP: 6/8
  2246 | D:3      | Noticed Robin
  2377 | D:3      | Found an ancient bone altar of Kikubaaqudgha.
  2578 | D:3      | Found a burning altar of Makhleb.
  2730 | D:3      | Reached skill level 1 in Stealth
  2777 | D:3      | Killed Robin
  2777 | D:3      | Reached XP level 5. HP: 22/22 MP: 6/10
  2883 | D:3      | Found a faded altar of an unknown god.
  2935 | D:3      | HP: 1/22 [goblin/wand of lightning (19)]
  3582 | D:4      | Noticed Duvessa
  3644 | D:4      | You fall through a shaft for 2 floors!
  3655 | D:5      | Entered Level 5 of the Dungeon
  3655 | D:5      | Noticed an ice beast
  3664 | D:5      | Killed an ice beast
  3664 | D:5      | Gained mutation: You are covered in thick fur. (AC +2) [Felid growth]
  3664 | D:5      | Reached XP level 6. HP: 7/26 MP: 9/11
  3796 | D:5      | Found a sand-covered staircase.
  3812 | Ossuary  | Entered an ossuary
  5184 | D:5      | Found a shadowy altar of Dithmenos.
  5225 | D:5      | Reached XP level 7. HP: 30/30 MP: 13/13
  5992 | D:5      | Found a bloodstained altar of Trog.
  6043 | D:5      | Reached skill level 5 in Unarmed Combat
  6181 | D:4      | Noticed Blork the orc
  6244 | D:4      | Found a staircase to the Ecumenical Temple.
  6247 | D:4      | Noticed Dowan
  6250 | D:4      | Slain by Duvessa
  6251 | D:4      | Reached XP level 6. HP: -2/28 MP: 9/13
  6371 | D:4      | Killed Blork the orc
  6371 | D:4      | Reached XP level 7. HP: 16/31 MP: 6/14
  6376 | D:4      | HP: 2/46 [poisoned by an orc wizard]
  6379 | D:4      | Succumbed to an orc wizard's poison
  6380 | D:4      | Reached XP level 6. HP: 0/42 MP: 7/13
  6473 | D:4      | Reached skill level 5 in Transmutations
  6483 | D:4      | Found a runed door.
  6847 | D:4      | Killed Dowan
  6919 | D:4      | Killed Duvessa
  6959 | Temple   | Entered the Ecumenical Temple
  7005 | Temple   | Quit the game

Vault maps used:
D:1:      minmay_arrival_hallway, serial_curves, eino_curves_01, eino_curves_04,
          minmay_tetromino_i4
D:2:      serial_glass, glass_columns_a, glass_columns_a, glass_columns_b,
          glass_columns_b, corner_web_ring, grunt_ministairs_4,
          nicolae_qazlal_style_of_elements
D:3:      kiku_gazebo_pond_becter, makhleb_heckhound_becter, ecumenical_altar_1,
          first_bread, kennysheep_pointless_box, guppyfry_early_orc_mine,
          uniq_robin
D:4:      uniq_crazy_yiuf_cottage, uniq_duvessa, uniq_blork_the_orc
D:5:      kennysheep_mini, old_standard_altar, enter_ossuary_4
D:6:      nicolae_overflow_crystal_walls
Temple:   eino_wide_crystal_templ
Ossuary:  ossuary_tomb_1

Skill      XL: |  1  2  3  4  5  6  7 |
---------------+----------------------+-----
Dodging        | 3 4 |  4.8
Unarmed Combat | 4 5 |  5.3
Stealth        | 1 2 3 |  3.9
Transmutations | 3 5 |  5.1
Spellcasting   | 3 4 |  4.7
Fighting       | 2 3 |  3.3

Action                   |  1- 3 |  4- 6 |  7- 9 || total
-------------------------+-------+-------+-------++-------
Melee: Unarmed           |   101 |   281 |    67 ||   449
       Headbutt          |    13 |    44 |     6 ||    63
       Bite              |     8 |    30 |    11 ||    49
       Punch             |     2 |     5 |     2 ||     9
 Cast: Beastly Appendage |    22 |    52 |     5 ||    79
       Sticks to Snakes  |       |    25 |    11 ||    36
  Use: Scroll            |       |       |     8 ||     8
       Potion            |       |       |     2 ||     2
 Stab: Sleeping          |     4 |     7 |     1 ||    12
       Distracted        |       |     4 |     1 ||     5
  Eat: Chunk             |     9 |    18 |     5 ||    32
Armor: Skin              |     2 |    19 |     6 ||    27
Dodge: Dodged            |    77 |   182 |    63 ||   322
